 Dungeon Crawl Stone Soup version 0.31.0-9-g3a7656b989 (console) character file.

Game seed: 2014835881755944771

1024 AlterAsc the Basher (level 8, -1/46 HPs)
             Began as a Gargoyle Fighter on Jan 25, 2024.
             Was a Believer of Trog.
             Slain by a gnoll
             ... wielding a +0 flail
              (11 damage)
             ... on level 4 of the Dungeon.
             The game lasted 00:09:18 (2616 turns).

AlterAsc the Basher (Gargoyle Fighter)              Turns: 2616, Time: 00:09:19

Health: -1/46      AC: 13    Str: 23    XL:     8   Next: 22%
Magic:  8/8        EV:  9    Int:  8    God:    Trog [**....]
Gold:   138        SH:  4    Dex:  9    Spells: 7/7 levels left

rFire   . . .        a - +0 flail
rCold   . . .        c - +0 buckler
rNeg    + . .        b - +0 scale mail
rPois   ∞            (no helmet)
rElec   +            (no cloak)
rCorr   .            p - +0 pair of gloves
SInv    +            (no boots)
Will    ++...        (no amulet) Stlth
                     m - ring of see invisible
HPRegen 1.27/turn    (no ring)
MPRegen 0.11/turn

%: no passive effects
@: strong-willed (expiring), on berserk cooldown, regenerating (expiring),
slowed, very slow
A: sickness immunity, AC +5, negative energy resistance 1, electricity
resistance, torment resistance 1, petrification resistance
a: Renounce Religion, Berserk, Trog's Hand


You were on level 4 of the Dungeon.
You worshipped Trog.
Trog was pleased with you.
You visited 1 branch of the dungeon, and saw 4 of its levels.
You also visited: Sewer.

You collected 138 gold pieces.

Inventory:

Hand Weapons
 a - a +0 flail (weapon)
 s - a +0 spear
Missiles
 x - 17 poisoned darts (quivered)
 y - 2 curare-tipped darts
Armour
 b - a +0 scale mail (worn)
 c - a +0 buckler (worn)
 p - a +0 pair of gloves (worn)
Jewellery
 m - a ring of see invisible (left hand)
Wands
 d - a wand of flame (18)
 r - a wand of roots (10)
Scrolls
 f - a scroll of fear {unknown}
 g - a scroll of poison {unknown}
 h - a scroll of fog {unknown}
 i - 2 scrolls of silence {unknown}
 j - 2 scrolls of amnesia {unknown}
 l - 4 scrolls of identify {unknown}
 o - a scroll of enchant armour {unknown}
 q - a scroll of revelation {unknown}
 t - a scroll of teleportation {unknown}
 v - a scroll of blinking {unknown}
Potions
 e - a potion of berserk rage {unknown}
 k - 3 potions of haste {unknown}
 n - 2 potions of curing {unknown}
 u - 2 potions of mutation {unknown}
 w - a potion of resistance {unknown}
 z - 2 potions of invisibility {unknown}
 A - a potion of brilliance {unknown}
 B - a potion of heal wounds {unknown}
 C - 2 potions of might
 D - a potion of experience {unknown}
 E - a potion of magic {unknown}


   Skills:
 - Level 3.2 Fighting
 + Level 9.6 Maces & Flails
 - Level 3.2 Armour
 - Level 3.2 Shields


You had 7 spell levels left.
You didn't know any spells.
Your spell library was empty.

Dungeon Overview and Level Annotations

Branches:
Dungeon (4/15)              Sewer (visited)
 Temple: D:4-7

Altars:
Dithmenos
Kikubaaqudgha
Trog
Uskayaw


Innate Abilities, Weirdness & Mutations

You are immune to sickness and miasma.
Your stone body is resilient. (AC +5)
You are immune to poison.
You resist negative energy. (rN+)
You are resistant to electric shocks. (rElec)
You are resistant to unholy torment.
You are immune to petrification.


Message History

The puff of flame misses you. The gnoll hits you with a +0 flail!
* * * LOW HITPOINT WARNING * * *
Okay, then.
You bump into the rock wall.
You feel less confused.
The orc wizard hits you but does no damage.
The gnoll hits you but does no damage.
The orc wizard hits you but does no damage.
The orc wizard barely misses you. The gnoll barely misses you.
Your skin crawls.
You feel strong-willed.
The orc wizard hits you but does no damage.
The gnoll hits you but does no damage. The orc wizard barely misses you.
You barely miss the gnoll.
The gnoll is severely wounded.
The orc wizard gestures at you while chanting.
The orc wizard appears confused.
The gnoll hits you but does no damage.
The orc wizard hits you but does no damage.
The gnoll hits you with a +0 flail.
* * * LOW HITPOINT WARNING * * *
You thump the orc wizard!
The orc wizard is almost dead.
The orc wizard closely misses you.
The orc wizard hits itself but does no damage.
The gnoll hits you with a +0 flail.
* * * LOW HITPOINT WARNING * * *
The orc wizard barely misses the gnoll.
The gnoll hits you with a +0 flail.
* * * LOW HITPOINT WARNING * * *
The orc wizard hits the gnoll but does no damage.
The gnoll attacks as it pursues you! The gnoll hits you but does no damage.
You barely miss the gnoll.
The gnoll is severely wounded.
You feel the effects of Trog's Hand fading.
The gnoll hits you with a +0 flail.
* * * LOW HITPOINT WARNING * * *
The orc wizard hits the orc but does no damage.
You hit the gnoll but do no damage.
The gnoll is severely wounded.
The gnoll hits you with a +0 flail!
You die...

.~~≈≈≈~.##.# #.#
.~P≈≈~..##.####.#
.~~≈≈~~.##.....#
.~P≈≈≈..##.##.##
.~~≈~~~.##.###.## .
.~~≈P~...<..)...#.. ##
..P~≈~~..##.##)##..# #>
..~.≈~~........# #.# ..
#.~~~~..#.#.>..###.# ##.###.
..~~~~P...####....## #...##.
.~~≈~≈~~..#.g@....# #...##.
.~≈~≈≈~..)#.##.#.(# #...##.
.PP≈≈≈P~.oo..#.#..# #...##.
.~~≈≈≈...o#..#....######...##.
.~~≈≈~†)..#..###..#...........
.~≈≈≈~P...#..# #..............
~P≈≈≈~...##.......#...........
PP≈≈≈~...###.#.#######.......#
≈≈≈P~≈~......#.# #########
o≈≈~.~~.#.#### # ~≈≈≈.P....#


You could see 2 orc wizards, a gnoll and an orc.

Vanquished Creatures
  Grinder (D:4)
  Sigmund (D:2)
  A water moccasin (D:4)
  4 kobold brigands (Sewer)
  A jelly (D:4)
  An orc priest (D:4)
  An iguana (D:4)
  An orc wizard (D:4)
  3 gnolls
  3 adders
  A ribbon worm (D:3)
  5 orcs
  7 ball pythons
  12 endoplasms
  2 giant cockroaches
  10 goblins
  9 hobgoblins
  7 jackals
  5 quokkas (D:2)
  3 bats
  7 frilled lizards
  16 kobolds
  11 rats
112 creatures vanquished.

Notes
Turn   | Place    | Note
-------+----------+-------------------------------------------
     0 | D:1      | AlterAsc the Gargoyle Fighter began the quest for the Orb.
     0 | D:1      | Reached XP level 1. HP: 14/14 MP: 1/1
   245 | D:1      | Reached skill level 3 in Maces & Flails
   245 | D:1      | Reached XP level 2. HP: 9/19 MP: 2/2
   470 | D:1      | Reached XP level 3. HP: 23/23 MP: 3/3
   748 | D:2      | Noticed Sigmund
   758 | D:2      | Killed Sigmund
   759 | D:2      | Reached skill level 5 in Maces & Flails
   759 | D:2      | Reached XP level 4. HP: 28/28 MP: 4/4
   759 | D:2      | Reached XP level 5. HP: 32/32 MP: 5/5
   786 | D:2      | Found a faded altar of an unknown god.
   858 | D:2      | Found a bloodstained altar of Trog.
   867 | D:2      | Became a worshipper of Trog the Wrathful
  1263 | D:3      | Reached skill level 6 in Maces & Flails
  1398 | D:3      | Found a hide-covered altar of Uskayaw.
  1429 | D:3      | Reached XP level 6. HP: 37/37 MP: 6/6
  1521 | D:3      | Found a shadowy altar of Dithmenos.
  1636 | D:3      | Reached * piety under Trog
  1765 | D:4      | Found an ancient bone altar of Kikubaaqudgha.
  1767 | D:4      | Noticed a water moccasin
  1777 | D:4      | Killed a water moccasin
  1778 | D:4      | Reached skill level 7 in Maces & Flails
  1845 | D:4      | Noticed Grinder
  1862 | D:4      | Paralysed by Grinder for 2 turns
  1875 | D:4      | Killed Grinder
  1876 | D:4      | Reached skill level 8 in Maces & Flails
  1876 | D:4      | Reached XP level 7. HP: 14/41 MP: 7/7
  1882 | D:4      | Found a glowing drain.
  1937 | Sewer    | Entered a sewer
  2178 | Sewer    | Reached skill level 9 in Maces & Flails
  2178 | Sewer    | Reached XP level 8. HP: 34/46 MP: 8/8
  2188 | Sewer    | Reached ** piety under Trog
  2616 | D:4      | Slain by a gnoll

Illustrated notes

Levels and vault maps discovered:
D:1:      erik_arrival_orb_chamber, layout_basic
D:2:      layout_loops_ring, basic_altar, hellmonk_ecumenical_altar_lost_god,
          uniq_sigmund
D:3:      layout_rooms, nicolae_dithmenos_through_a_glass_darkly,
          mainiacjoe_overflow_six_doors_small
D:4:      layout_loops_cross, kiku_gazebo_garden_becter,
          nicolae_wu_jian_glorious_leap, portal_sewer_entry_c,
          chequers_big_river, kennysheep_flooded_box, uniq_grinder

Skill      XL: |  1  2  3  4  5  6  7 |
---------------+----------------------+-----
Maces & Flails | 3 5 6 8 9 |  9.6
Fighting       | |  3.2
Armour         | |  3.2
Shields        | |  3.2

Action                     |  1- 3 |  4- 6 |  7- 9 || total
---------------------------+-------+-------+-------++-------
  Melee: Flail             |    66 |   152 |   152 ||   370
 Invoke: Berserk           |       |       |     1 ||     1
         Trog's Hand       |       |       |     1 ||     1
    Use: Potion            |     1 |       |       ||     1
 Armour: Scale mail        |    44 |    86 |   100 ||   230
  Dodge: Dodged            |    29 |    54 |    79 ||   162
  Block: Buckler           |     7 |    21 |    29 ||    57
